 Dungeon Crawl Stone Soup version 0.27-a0-1312-g5cdb2b3542 (webtiles) character file.

Game seed: 8158228435210559920

23 Shayle the Sneak (level 2, -1/21 HPs)
             Began as a Demonspawn Enchanter on June 20, 2021.
             Frozen to death by an endoplasm (2 damage)
             ... on level 1 of the Dungeon.
             The game lasted 00:02:10 (1693 turns).

Shayle the Sneak (Demonspawn Enchanter)             Turns: 1693, Time: 00:02:11

Health: -1/21      AC:  2    Str:  8    XL:     2   Next: 72%
Magic:  1/5        EV: 12    Int: 16    God:
Gold:   28         SH:  0    Dex: 13    Spells: 2/5 levels left

rFire    . . .     SeeInvis .   a - +2 dagger
rCold    . . .     Faith    .   (no shield)
rNeg     . . .     Spirit   .   b - +0 robe
rPois    .         Reflect  .   (no helmet)
rElec    .         Harm     .   (no cloak)
rCorr    .         Rampage  .   (no gloves)
Will     .....                  (no boots)
Stlth    ++........             (no amulet)
HPRegen  0.07/turn              (no ring)
MPRegen  0.09/turn              (no ring)

@: very slightly contaminated
A: talons 1
a: no special abilities


You were on level 1 of the Dungeon.
You visited 1 branch of the dungeon, and saw 1 of its levels.

You collected 28 gold pieces.

Inventory:

Hand Weapons
 a - a +2 dagger (weapon)
 d - a +2 hand axe of holy wrath
Armour
 b - a +0 robe (worn)
Scrolls
 e - a scroll of identify


   Skills:
 + Level 1.1 Fighting
 - Level 0.8 Short Blades
 + Level 2.2 Dodging
 + Level 3.1 Stealth
 - Level 2.0 Spellcasting
 - Level 3.0 Hexes


You had 2 spell levels left.
You knew the following spells:

 Your Spells              Type           Power      Damage    Failure   Level
a - Corona                Hex            12%        N/A       6%          1
b - Ensorcelled Hibernat  Hex/Ice        12%        N/A       17%         2

Your spell library contained the following spells:

 Spells                   Type           Power      Damage    Failure   Level
 Confusing Touch          Hex            11%        N/A       19%         3
 Tukima's Dance           Hex            11%        N/A       19%         3
 Dazzling Flash           Conj/Hex       12%        N/A       32%         3


Dungeon Overview and Level Annotations

Branches:
Dungeon (1/15)

Altars:


Innate Abilities, Weirdness & Mutations

You have sharp toenails.


Message History

The bat barely misses you. x2
You hit the bat. You claw the bat.
You kill the bat!
You see here a +0 club.
You start resting.
An endoplasm comes into view.
An endoplasm is nearby!
You start resting.
An endoplasm is nearby!
An endoplasm is nearby!
You see here a +0 club.
The endoplasm quivers.
The endoplasm freezes you.
You are frozen.
The endoplasm freezes you.
You are frozen.
* * * LOW HITPOINT WARNING * * *
You hit the endoplasm.
The endoplasm is lightly wounded.
The endoplasm freezes you.
You are frozen.
* * * LOW HITPOINT WARNING * * *
Casting: Ensorcelled Hibernation (safe; 17% risk of failure)
Confirm with . or Enter, or press ? or * to list all spells.
Aiming: Ensorcelled Hibernation (safe; 17% risk of failure)
Press: ? - help, Shift-Dir - straight line, f - endoplasm
Aim: an endoplasm (lightly wounded, chance to affect: 55%)
The endoplasm resists with significant effort.
The endoplasm barely misses you.
Casting: Ensorcelled Hibernation (safe; 17% risk of failure)
Confirm with . or Enter, or press ? or * to list all spells.
Aiming: Ensorcelled Hibernation (safe; 17% risk of failure)
Press: ? - help, Shift-Dir - straight line, f/p - endoplasm
Aim: an endoplasm (lightly wounded, chance to affect: 55%)
You miscast Ensorcelled Hibernation.
You are very lightly contaminated with residual magic.
Nothing appears to happen.
The endoplasm freezes you.
You are frozen.
You die...

## . ... #. .. # #.###
##.# ## ..#....###..# #.
........#..# ##.
...........# #..
...........#### ####.#
.......@...)..#####.....
.......J..###...........
..##...##.######..#...>.
#[## #....##..####รท#.
#.# #........# #.... #.#
#........###.... #.#
#............#.. #.#
#.####......###. #.#
#.####..#.#..###


You could see an endoplasm.

Vanquished Creatures
  A bat (D:1)
  2 endoplasms (D:1)
  3 goblins (D:1)
  4 hobgoblins (D:1)
  3 quokkas (D:1)
  2 ball pythons (D:1)
  2 frilled lizards (D:1)
  3 kobolds (D:1)
20 creatures vanquished.

Notes
Turn   | Place    | Note
-------+----------+-------------------------------------------
     0 | D:1      | Shayle the Demonspawn Enchanter began the quest for the
                  | Orb.
     0 | D:1      | Reached XP level 1. HP: 13/13 MP: 3/3
   856 | D:1      | Gained mutation: You have sharp toenails. [demonic
                  | ancestry]
   856 | D:1      | Reached XP level 2. HP: 13/20 MP: 5/5
   859 | D:1      | Learned a level 2 spell: Ensorcelled Hibernation
  1387 | D:1      | Reached skill level 1 in Fighting
  1691 | D:1      | HP: 1/21 [frozen (3)]
  1693 | D:1      | Frozen to death by an endoplasm

Illustrated notes

Levels and vault maps discovered:
D:1:      amcnicky_arrival_double_pillar, layout_rooms

Skill      XL: |  1  2 |
---------------+-------+-----
Dodging        | 2 |  2.2
Stealth        | 3 |  3.1
Fighting       | 1 |  1.1
Short Blades   | |  0.8
Spellcasting   | |  2.0
Hexes          | |  3.0

Action                   || total
-------------------------++-------
Melee: Dagger            ||    81
       Kick              ||     9
 Cast: Ensorcelled Hiber ||     3
  Use: Scroll            ||     3
 Stab: Sleeping          ||     4
Armor: Robe              ||     6
Dodge: Dodged            ||    40

Table legend: (Time is in decaauts)
 A = Elapsed time spent in this place.
 B = Non-inter-level travel time spent in this place.
 C = Inter-level travel time spent in this place.
 D = Time resting spent in this place.
 E = Time spent auto-exploring this place.
 F = Levels seen in this place.
 G = Mean time per level.
                   A        B        C        D        E       F      G
               +--------+--------+--------+--------+--------+-----+--------+
         Total |   1689 |   1689 |      0 |    956 |    512 |   1 | 1689.0 |
       Dungeon |   1689 |   1689 |      0 |    956 |    512 |   1 | 1689.0 |
               +--------+--------+--------+--------+--------+-----+--------+

Top non-repeatable levels by time:
     D:1: 1689 daAuts
